 Dungeon Crawl Stone Soup version 0.26-b1-57-gb162d0664a (webtiles) character file.

Game seed: 2827058519343371307

95 DerHolg the Vandal (level 4, -6/30 HPs)
             Began as a Halfling Hunter on Jan 8, 2021.
             Mangled by Crazy Yiuf
             ... wielding a +2 quarterstaff of chaos
              (10 damage)
             ... on level 2 of the Dungeon.
             The game lasted 00:08:20 (1636 turns).

DerHolg the Vandal (Halfling Hunter)                Turns: 1636, Time: 00:08:20

Health: -6/30      AC:  3    Str: 14    XL:     4   Next: 97%
Magic:  4/4        EV: 15    Int:  9    God:
Gold:   70         SH:  0    Dex: 14    Spells: 3/3 levels left

rFire    . . .     SeeInvis .   a - +1 hunting sling
rCold    . . .     Faith    .   (shield restricted)
rNeg     . . .     Spirit   .   c - +0 leather armour
rPois    .         Reflect  .   (no helmet)
rElec    .         Harm     .   (no cloak)
rCorr    .         Rampage  .   (no gloves)
Will     .....                  (no boots)
Stlth    ++........             (no amulet)
HPRegen  0.10/turn              (no ring)
MPRegen  0.09/turn              (no ring)

@: mighty
A: small, mutation resistance 1
a: no special abilities


You were on level 2 of the Dungeon.
You visited 1 branch of the dungeon, and saw 2 of its levels.

You collected 70 gold pieces.

Inventory:

Hand Weapons
 a - a +1 hunting sling (weapon)
 b - a +2 dagger of speed
Missiles
 d - 10 sling bullets (quivered ammo)
 l - 71 stones
Armour
 c - a +0 leather armour (worn)
Jewellery
 i - an uncursed amulet of faith {unknown}
 m - a cursed -4 ring of intelligence {unknown}
 p - a +6 ring of dexterity {unknown}
Scrolls
 e - 6 scrolls of remove curse {unknown}
 f - 3 scrolls of identify {unknown}
 h - a scroll of enchant armour {unknown}
 j - a scroll of immolation {unknown}
 n - a scroll of magic mapping {unknown}
 q - 4 scrolls of teleportation {unknown}
Potions
 g - a potion of lignification {unknown}
 k - a potion of degeneration {unknown}
 o - a potion of brilliance {unknown}


   Skills:
 + Level 2.4 Fighting
 + Level 6.4 Slings
 + Level 1.7 Armour
 + Level 3.0 Dodging
 + Level 2.4 Stealth


You had 3 spell levels left.
You didn't know any spells.
Your spell library was empty.

Dungeon Overview and Level Annotations

Branches:
Dungeon (2/15)

Altars:

Annotations:
D:2 Crazy Yiuf


Innate Abilities, Weirdness & Mutations

You are small and have problems with some larger weapons.
You are somewhat resistant to further mutation.


Message History

You feel very mighty all of a sudden.
You shoot a sling bullet.
The sling bullet closely misses Crazy Yiuf.
You shoot a sling bullet.
The sling bullet closely misses Crazy Yiuf.
Crazy Yiuf grits, "Dawk!
Nubble ena senile."
Crazy Yiuf hits you with a +2 quarterstaff of chaos!
Crazy Yiuf burns you.
* * * LOW HITPOINT WARNING * * *
You see here a mace.
You see here a runed mace.
You see here a mace.
You see here a dagger.
Crazy Yiuf flaps his cloak.
Crazy Yiuf cries, "Cards seventy infinity!"
Crazy Yiuf whimpers, "Lugonu ragdoll Orb Guardian!"
Crazy Yiuf hits you with a +2 quarterstaff of chaos.
* * * LOW HITPOINT WARNING * * *
You are electrocuted!
You die...

#.....#.# #####
#....##.# #)()#
#.#####.# #)))#
#..# #.# ))) ##.##
#.# #(# #...###.##
♣♣)♣ #...##...#
♣)♣♣ #....#...#
♣♣)♣ #....#.@.#
♣)♣♣ #....#.g.#
♣♣)♣♣ #........#
♣)..♣♣ #........#
♣....♣ #..#.....#
#....# #).......#
#....####........#
##...............#
##..............#


You could see Crazy Yiuf.

Vanquished Creatures
  Natasha (thrice) (D:2)
  An ooze (D:1)
  A giant cockroach (D:2)
  A goblin (D:1)
  2 hobgoblins (D:1)
  2 bats
  6 kobolds
  5 rats
21 creatures vanquished.

Notes
Turn   | Place    | Note
-------+----------+-------------------------------------------
     0 | D:1      | DerHolg the Halfling Hunter began the quest for the Orb.
     0 | D:1      | Reached XP level 1. HP: 14/14 MP: 1/1
   656 | D:1      | Reached XP level 2. HP: 19/19 MP: 2/2
   784 | D:1      | Reached skill level 6 in Slings
  1270 | D:2      | Noticed Natasha
  1275 | D:2      | Killed Natasha
  1276 | D:2      | Reached skill level 1 in Armour
  1276 | D:2      | Reached XP level 3. HP: 24/24 MP: 3/3
  1384 | D:2      | Noticed Natasha
  1390 | D:2      | Killed Natasha
  1391 | D:2      | Reached XP level 4. HP: 30/30 MP: 4/4
  1465 | D:2      | Noticed Natasha
  1467 | D:2      | Killed Natasha
  1606 | D:2      | Found a runed translucent door.
  1607 | D:2      | Noticed Crazy Yiuf
  1636 | D:2      | Mangled by Crazy Yiuf

Illustrated notes

Levels and vault maps discovered:
D:1:      dpeg_arrival_arbitrary_c, layout_loops_corners, serial_forest,
          infiniplex_forest_lined_2, infiniplex_forest_split,
          infiniplex_forest_corner_1, infiniplex_forest_lined_room_3,
          infiniplex_forest_lined_4_way
D:2:      layout_rooms, uniq_crazy_yiuf_cottage, uniq_natasha

Skill      XL: |  1  2  3  4 |
---------------+-------------+-----
Fighting       | 2 |  2.4
Slings         | 6 |  6.4
Armour         | 1 |  1.7
Stealth        | 2 |  2.4
Dodging        | 3 |  3.0

Action                   |  1- 3 |  4- 6 || total
-------------------------+-------+-------++-------
Melee: Short sword       |    43 |       ||    43
 Fire: Hunting sling     |    15 |    22 ||    37
 Stab: Sleeping          |     4 |       ||     4
Armor: Leather armour    |     8 |       ||     8
Dodge: Dodged            |    29 |     5 ||    34
